 Dungeon Crawl Stone Soup version 0.28-a0-925-gd5e1996cdb (webtiles) character file.

Game seed: 17232419951929160583

365 Zonian the Poker (level 6, 0/46 HPs)
             Began as a Demonspawn Gladiator on Nov 26, 2021.
             Was a Believer of Cheibriados.
             Slain by an orc (2 damage)
             ... on level 3 of the Dungeon.
             The game lasted 00:04:25 (3067 turns).

Zonian the Poker (Demonspawn Gladiator)             Turns: 3067, Time: 00:04:26

Health: 0/46       AC: 12    Str: 21    XL:     6   Next: 40%
Magic:  6/6        EV: 14    Int: 15    God:    Cheibriados [**....]
Gold:   65         SH:  0    Dex: 22    Spells: 5/5 levels left

rFire   . . .      SeeInvis .   u - +1 spear (vorpal)
rCold   + . .      Faith    .   (no shield)
rNeg    . . .      Spirit   .   d - +2 robe {rC+}
rPois   .          Reflect  .   c - +0 helmet
rElec   .          Harm     .   (no cloak)
rCorr   .          Rampage  .   (no gloves)
Will    +....                   (no boots)
Stlth   ++........              (no amulet)
HPRegen 0.15/turn               o - +4 ring of protection
MPRegen 0.10/turn               p - ring of willpower

@: very slow
A: molten scales 2, demonic magic 1
a: Renounce Religion, Bend Time


You were on level 3 of the Dungeon.
You worshipped Cheibriados.
Cheibriados was pleased with you.
You visited 1 branch of the dungeon, and saw 3 of its levels.

You collected 65 gold pieces.

Inventory:

Hand Weapons
 a - a +0 trident
 u - a +1 vorpal spear (weapon)
Missiles
 t - 40 sling bullets
Armour
 b - a +0 leather armour
 c - a +0 helmet (worn)
 d - a +2 robe of cold resistance (worn)
Jewellery
 g - a ring of ice
 o - a +4 ring of protection (left hand)
 p - a ring of willpower (right hand)
Potions
 f - a potion of degeneration
 k - 2 potions of curing {unknown}
 m - a potion of resistance {unknown}
 n - a potion of mutation {unknown}
 s - a potion of magic {unknown}
 v - a potion of berserk rage {unknown}


   Skills:
 + Level 2.8 Fighting
 + Level 4.9 Polearms
 + Level 2.1 Throwing
 + Level 2.1 Armour
 + Level 3.5 Dodging
 + Level 1.3 Stealth
 + Level 0.3 Invocations


You had 5 spell levels left.
You didn't know any spells.
Your spell library was empty.

Dungeon Overview and Level Annotations

Branches:
Dungeon (3/15)

Altars:
Cheibriados


Innate Abilities, Weirdness & Mutations

You are mostly covered in molten scales. (AC +3)
Spells you cast may paralyse adjacent enemies.


Message History

The orc wizard is moderately wounded.
The orc misses you.
The orc wizard gestures at you while chanting.
The puff of flame hits you.
You hit the orc wizard.
The orc wizard is heavily wounded.
The orc hits you but does no damage.
The orc wizard points at you and mumbles some strange words.
The magic dart hits you!
Unknown command.
The orc hits you but does no damage. The orc hits you but does no damage.
You closely miss the orc. The orc hits you with a +0 club.
You barely miss the orc.
The orc priest invokes the aid of Beogh against you.
Beogh smites you! The orc hits you but does no damage.
You are too injured to fight recklessly!
You are too injured to fight recklessly!
You are too injured to fight recklessly!
You completely miss the orc. You hit the orc.
The orc is heavily wounded.
The orc hits you with a +0 club.
Unknown command.
Throw: throwing net
Press: ? - help, Q - select action, (/) - cycle Shift-Dir - straight line, f - orc
Aim: an orc, wielding a +0 club and wearing a +0 leather armour (heavily wounded, 65% to hit)
You throw a throwing net. The throwing net barely misses the orc.
The throwing net hits the orc wizard.
The orc wizard is caught in the net!
The orc wizard is heavily wounded.
The orc hits you but does no damage.
The orc wizard struggles against the net.
You barely miss the orc.
The orc is heavily wounded.
The orc priest invokes the aid of Beogh against you.
Beogh smites you!
* * * LOW HITPOINT WARNING * * *
The orc hits you with a +0 club.
You die...

..............#
##..
....#.#.#.>..
.....
#.........####
.#..#
#.w$#.#.#....#
#....
###....o.w...#
...#
#######o...#
...# #oo#### .#
#o## # #@# #
#.# # #.# #
##.# # #..# ##
###.## .# #...#
.## #.###
..####
#####.#####


You could see a worm, an orc priest, an orc wizard (caught) and 2 orcs.

Vanquished Creatures
  Sigmund (D:2)
  An ogre (D:3)
  4 gnolls (D:3)
  An adder (D:2)
  2 dart slugs
  11 ball pythons
  11 bats
  6 endoplasms
  4 giant cockroaches
  2 goblins
  4 hobgoblins
  A quokka (D:1)
  5 frilled lizards
  7 kobolds
  5 rats
65 creatures vanquished.

Notes
Turn   | Place    | Note
-------+----------+-------------------------------------------
     0 | D:1      | Zonian the Demonspawn Gladiator began the quest for the
                  | Orb.
     0 | D:1      | Reached XP level 1. HP: 16/16 MP: 1/1
   238 | D:1      | Gained mutation: You are partially covered in molten
                  | scales. (AC +2) [demonic ancestry]
   238 | D:1      | Reached XP level 2. HP: 22/22 MP: 2/2
   259 | D:1      | Reached skill level 3 in Polearms
   485 | D:1      | Found a faded altar of an unknown god.
   506 | D:1      | Prayed at the altar of an unknown god.
   506 | D:1      | Became a worshipper of Cheibriados the Contemplative
   506 | D:1      | Reached * piety under Cheibriados
   916 | D:1      | Gained mutation: You are mostly covered in molten scales.
                  | (AC +3) [demonic ancestry]
   916 | D:1      | Reached XP level 3. HP: 26/27 MP: 3/3
  1223 | D:2      | Noticed Sigmund
  1248 | D:2      | Killed Sigmund
  1249 | D:2      | Reached skill level 4 in Polearms
  1249 | D:2      | Reached XP level 4. HP: 16/34 MP: 0/4
  1249 | D:2      | Reached XP level 5. HP: 19/39 MP: 0/5
  1457 | D:2      | Reached ** piety under Cheibriados
  2417 | D:3      | Reached skill level 1 in Stealth
  2440 | D:3      | Gained mutation: Spells you cast may paralyse adjacent
                  | enemies. [demonic ancestry]
  2440 | D:3      | Reached XP level 6. HP: 16/46 MP: 6/6
  3067 | D:3      | HP: 2/46 [orc priest/divine providence (14)]
  3067 | D:3      | Slain by an orc

Illustrated notes

Levels and vault maps discovered:
D:1:      eino_arrival_cavern_b, layout_loops_ring, basic_ecumenical_altar
D:2:      layout_rooms, serial_co_window_serial, co_window_paths_a,
          co_window_paths_a, co_window_of_opportunity_a, co_window_corner_a,
          co_window_paths_b, co_window_paths_b, co_window_corner_a,
          co_window_paths_a, co_window_paths_a, co_window_broadway_c,
          co_window_broadway_a, co_window_broadway_c, co_window_4corner_b,
          co_window_paths_e, glass_columns_c, glass_columns_b,
          grunt_ministairs_11, minmay_tiny_reverse_x, uniq_sigmund
D:3:      layout_rooms, serial_glass, glass_columns_c, glass_columns_b,
          glass_columns_a, glass_columns_a, glass_columns_b, minmay_ruptured

Skill      XL: |  1  2  3  4  5 |
---------------+----------------+-----
Dodging        | 3 |  3.5
Polearms       | 3 4 |  4.9
Throwing       | 2 |  2.1
Armour         | 2 |  2.1
Stealth        | 1 |  1.3
Fighting       | |  2.8
Invocations    | |  0.3

Action                   |  1- 3 |  4- 6 || total
-------------------------+-------+-------++-------
Melee: Trident           |   117 |   103 ||   220
       Spear             |       |    16 ||    16
Throw: Throwing net      |     3 |     3 ||     6
Invok: Bend Time         |     1 |       ||     1
  Use: Scroll            |       |     6 ||     6
 Stab: Sleeping          |     1 |     7 ||     8
       Held in net/web   |       |     1 ||     1
Armor: Leather armour    |    31 |       ||    31
       Robe              |       |    35 ||    35
Dodge: Dodged            |    78 |    59 ||   137

Table legend: (Time is in decaauts)
 A = Elapsed time spent in this place.
 B = Non-inter-level travel time spent in this place.
 C = Inter-level travel time spent in this place.
 D = Time resting spent in this place.
 E = Time spent auto-exploring this place.
 F = Levels seen in this place.
 G = Mean time per level.
                   A        B        C        D        E       F      G
               +--------+--------+--------+--------+--------+-----+--------+
         Total |   3762 |   3687 |     75 |    349 |   2714 |   3 | 1254.0 |
       Dungeon |   3762 |   3687 |     75 |    349 |   2714 |   3 | 1254.0 |
               +--------+--------+--------+--------+--------+-----+--------+

Top non-repeatable levels by time:
     D:2: 1462 daAuts
     D:1: 1272 daAuts
     D:3: 1027 daAuts
